 Dungeon Crawl Stone Soup version 0.20-b1-2-gc5a9893 (webtiles) character file.

78 straycat the Insei (level 4, 0/33 HPs)
             Began as a Vampire Gladiator on May 22, 2017.
             Slain by an orc wizard
             ... wielding a +0 dagger
              (4 damage)
             ... on level 3 of the Dungeon.
             The game lasted 00:17:38 (3208 turns).

straycat the Insei (Vampire Gladiator)              Turns: 3208, Time: 00:17:39

Health: 0/33       AC:  6    Str: 14    XL:     4   Next: 15%
Magic:  4/4        EV: 13    Int: 10    God:
Gold:   95         SH:  3    Dex: 18    Spells: 3/3 levels left

rFire    + + .     SeeInvis +     - Unarmed
rCold    + . .     Gourm    .   (no shield)
rNeg     + . .     Faith    .   y - +0 ring mail
rPois    .         Spirit   .   b - +0 helmet
rElec    .         Reflect  +   x - scarf {rC+ rF+}
rCorr    .         Harm     .   (no gloves)
MR       .....                  (no boots)
Stlth    +.........             v - +3 amulet of reflection
Regen    0.2/turn               p - +3 ring of dexterity
MPRegen  0.1/turn               q - ring of protection from fire

@: lethally poisoned (0 -> -3)
A: fangs 3, see invisible, unbreathing
a: Bat Form


You were on level 3 of the Dungeon.
You were not thirsty.

You visited 1 branch of the dungeon, and saw 3 of its levels.

You collected 95 gold pieces.

Inventory:

Hand Weapons
 h - a +0 spear
 i - a +0 whip
 m - a +0 mace
 o - a cursed +0 short sword
 s - a +0 hunting sling
 A - a +0 short sword
Missiles
 c - 3 throwing nets
 e - 36 poisoned needles
 k - 72 arrows
 l - 74 stones (quivered)
Armour
 a - a +0 leather armour
 b - a +0 helmet (worn)
 t - a +0 leather armour
 x - a scarf of resistance (worn)
 y - a +0 ring mail (worn)
 z - a +0 leather armour
 B - a +0 scale mail
Jewellery
 p - a +3 ring of dexterity (left hand)
 q - a ring of protection from fire (right hand)
 v - a +3 amulet of reflection (around neck)
Scrolls
 u - a scroll of remove curse
Potions
 d - 4 potions of blood
 j - a potion of curing
Comestibles
 r - 2 fruits
 w - a royal jelly
 C - 2 bread rations


   Skills:
 * Level 2.1 Fighting
 + Level 1.8 Throwing
 + Level 1.0 Armour
 + Level 3.8 Dodging
 + Level 1.2 Stealth
 * Level 4.2 Unarmed Combat


You had 3 spell levels left.
You didn't know any spells.

Dungeon Overview and Level Annotations

Branches:
Dungeon (3/15)

Altars:
Ashenzari


Innate Abilities, Weirdness & Mutations

You have razor-sharp teeth.
You have supernaturally acute eyesight. (SInv)
You can survive without breathing.


Message History

The adder bites you.
You are more poisoned.
The adder poisons you!
You miss the adder.
The adder is almost dead.
You feel sick. The adder barely misses you.
You punch the adder!
You kill the adder!
Your Stealth skill increases to level 1!
You feel sick. The orc wizard hits you with a dagger.
The orc wizard closely misses you.
The orc wizard casts a cantrip, but nothing happens.
You feel sick.
You hit the orc wizard but do no damage.
The orc wizard points at you and mumbles some strange words.
The magic dart hits you!
* * * LOW HITPOINT WARNING * * *
You hit the orc wizard but do no damage.
Your bite misses the orc wizard. The orc wizard hits you with a dagger.
You die...

# #.#### .## .....#
.... ..##.##.#
####...##
#.....##.###og..b...
#. #...og.rSoo.....
#. #.##.##o###...##
#..##.##g##.# .#
#....@or.##"#
#.###.#####.#
##.....# ...
##...##........
#.....######...
##...## ##.## ##.##
#.# # ###.#######
#.# #.


You could see an orc wizard, a quokka and a hobgoblin.

Vanquished Creatures
  3 adders
  2 worms (D:2)
  A leopard gecko (D:1)
  An orc (D:3)
  A ball python (D:1)
  6 giant cockroaches
  4 goblins
  6 hobgoblins
  6 bats
  4 frilled lizards
  4 kobolds
  2 rats
  3 bushes (D:2)
  2 plants (D:2)
45 creatures vanquished.

Vanquished Creatures (others)
  A plant (D:2)
1 creature vanquished.

Grand Total: 46 creatures vanquished

Notes
Turn   | Place    | Note
-------+----------+-------------------------------------------
     0 | D:1      | straycat the Vampire Gladiator began the quest for the Orb.
     0 | D:1      | Reached XP level 1. HP: 16/16 MP: 1/1
   206 | D:1      | Reached XP level 2. HP: 9/22 MP: 2/2
   802 | D:2      | Found a shattered altar of Ashenzari.
  1201 | D:2      | Reached skill level 4 in Unarmed Combat
  1254 | D:2      | Reached XP level 3. HP: 27/27 MP: 3/3
  2113 | D:2      | Reached skill level 1 in Armour
  3122 | D:3      | Reached XP level 4. HP: 33/33 MP: 4/4
  3202 | D:3      | Reached skill level 1 in Stealth
  3208 | D:3      | Slain by an orc wizard

Skill      XL: |  1  2  3  4 |
---------------+-------------+-----
Unarmed Combat | 4 |  4.2
Fighting       | 2 |  2.1
Armour         | 1 |  1.0
Stealth        | 1 |  1.2
Throwing       | |  1.8
Dodging        | |  3.8

Action                   |  1- 3 |  4- 6 || total
-------------------------+-------+-------++-------
Melee: Unarmed           |   618 |    17 ||   635
       Bite              |   110 |       ||   110
       Punch             |    17 |       ||    17
  Use: Potion            |     8 |       ||     8
       Scroll            |     6 |       ||     6
 Stab: Sleeping          |     1 |       ||     1
Armor: Leather armour    |    46 |       ||    46
       Ring mail         |     6 |     9 ||    15
Dodge: Dodged            |   122 |    11 ||   133
Block: Other             |     2 |     5 ||     7
